 Dungeon Crawl Stone Soup version 0.28-a0-751-gef3a642a4e (webtiles) character file.

Game seed: 2677779139751591129

2 willcat the Sneak (level 1, -3/13 HPs)
             Began as a Deep Elf Delver on Oct 30, 2021.
             Slain by an orc (5 damage)
             ... on level 6 of the Dungeon.
             The game lasted 00:00:25 (147 turns).

willcat the Sneak (Deep Elf Delver)                  Turns: 147, Time: 00:00:26

Health: -3/13      AC:  3    Str:  9    XL:     1   Next: 25%
Magic:  3/3        EV: 11    Int: 14    God:
Gold:   0          SH:  4    Dex: 16    Spells: 0/0 levels left

rFire   . . .      SeeInvis .   a - +0 short sword
rCold   . . .      Faith    .   h - +0 buckler
rNeg    . . .      Spirit   .   b - +0 leather armour
rPois   +          Reflect  .   (no helmet)
rElec   .          Harm     .   (no cloak)
rCorr   .          Rampage  .   (no gloves)
Will    .....                   (no boots)
Stlth   +++.......              (no amulet)
HPRegen 0.04/turn               i - ring of poison resistance
MPRegen 0.08/turn               (no ring)

@: no status effects
A: no striking features
a: no special abilities


You were on level 6 of the Dungeon.
You visited 1 branch of the dungeon, and saw 2 of its levels.

Inventory:

Hand Weapons
 a - a +0 short sword (weapon)
Armour
 b - a +0 leather armour (worn)
 h - a +0 buckler (worn)
Jewellery
 i - a ring of poison resistance (left hand)
Wands
 g - a wand of digging (3)
Scrolls
 c - a scroll of fog
 d - a scroll of magic mapping
 e - a scroll of fear
Potions
 f - a potion of haste


   Skills:
 * Level 2.4 Fighting
 + Level 2.0 Short Blades
 + Level 2.4 Dodging
 + Level 6.0 Stealth
 + Level 0.1 Shields


You couldn't memorise any spells.
You didn't know any spells.
Your spell library was empty.

Dungeon Overview and Level Annotations

Branches:
Dungeon (6/15)
 Temple: D:4-7

Altars:


Message History

You see here a ring of poison resistance.
i - a ring of poison resistance
i - a ring of poison resistance (left hand)
You start putting on your armour.
You continue putting on your +0 buckler. x4
You finish putting on your +0 buckler.
Unknown command. 2 orcs come into view.
Found 6 gold pieces.
Found a stone staircase leading up.
Found a stone staircase leading up.
You barely miss the orc. The orc hits you with a +0 dagger.
You hit the orc.
The orc is heavily wounded.
The orc hits you with a +0 dagger.
You hit the orc.
The orc is heavily wounded.
You block the orc's attack.
You hit the orc.
You kill the orc!
You see here a +0 dagger.
You start resting.
HP restored.
An orc comes into view. It is wielding a +0 club.
The orc shouts! x2; You hear a shout! x2
You hit the orc.
The orc is lightly wounded.
The orc hits you with a +0 falchion!
Ouch! That really hurt!
An orc comes into view. It is wielding a +0 morningstar.
There is a stone staircase leading down here.
The orc hits you with a +0 falchion.
* * * LOW HITPOINT WARNING * * *
You climb downwards.
Found a quarterstaff and 15 gold pieces.
There is a stone staircase leading up here.
Unknown command.
You hit the orc.
The orc is moderately wounded.
The orc hits you with a +0 falchion.
You die... .# .# .# .# .# .# #######o# #...$.@)# #.#######

You could see an orc.

Vanquished Creatures
  An orc (D:5)
1 creature vanquished.

Notes
Turn   | Place    | Note
-------+----------+-------------------------------------------
     0 | D:5      | willcat the Deep Elf Delver began the quest for the Orb.
     0 | D:5      | Reached XP level 1. HP: 13/13 MP: 3/3
   147 | D:6      | Slain by an orc

Illustrated notes

Levels and vault maps discovered:
D:5:      layout_basic, trog_hazing_becter, okawaru_metal_pillars_1_2,
          chequers_temple_overflow_statue_of_worship, serial_shops,
          nicolae_shop_temple_entry_statues_fountains
D:6:      layout_loops_ring, zin_angel, minmay_temple_entry_butterflies,
          serial_glass, glass_columns_b, glass_columns_b, glass_columns_c,
          glass_columns_b, glass_columns_b, glass_columns_a,
          due_unseen_surprise, minmay_misc_feat_five

Action                   || total
-------------------------++-------
Melee: Short sword       ||     6
Block: Buckler           ||     1

Table legend: (Time is in decaauts)
 A = Elapsed time spent in this place.
 B = Non-inter-level travel time spent in this place.
 C = Inter-level travel time spent in this place.
 D = Time resting spent in this place.
 E = Time spent auto-exploring this place.
 F = Levels seen in this place.
 G = Mean time per level.
                   A        B        C        D        E       F      G
               +--------+--------+--------+--------+--------+-----+--------+
         Total |    146 |    146 |      0 |     78 |      1 |   2 |   73.0 |
       Dungeon |    146 |    146 |      0 |     78 |      1 |   2 |   73.0 |
               +--------+--------+--------+--------+--------+-----+--------+

Top non-repeatable levels by time:
     D:5: 146 daAuts
     D:6: 0 daAuts
